 Dungeon Crawl Stone Soup version bcrawl-1.17.3 (webtiles) character file.

Game seed: 11084101733886025084

898 Chiseanne the Cudgeler (level 7, -1/52 HPs)
             Began as a Mummy Archaeologist on Oct 24, 2019.
             Slain by a bullfrog (8 damage)
             ... on level 5 of the Dungeon.
             The game lasted 00:08:08 (4667 turns).

Chiseanne the Cudgeler (Mummy Archaeologist)        Turns: 4667, Time: 00:08:09

Health: -1/52      AC:  9    Str: 15    XL:     7   Next: 79%
Magic:  11/11      EV: 10    Int: 15    God:
Gold:   342        SH:  0    Dex: 10    Spells: 12/12 levels left

rFire    x . .     SeeInvis .   a - +7 sceptre of Torment {pain, torment}
rCold    + + .     Gourm    .   (no shield)
rNeg     + + +     Faith    .   q - +0 scale mail
rPois    ∞         Spirit   .   c - +1 hat
rElec    .         Reflect  .   (no cloak)
rCorr    .         Harm     .   (no gloves)
MR       .....     Clarity  +   d - +1 pair of boots
Stlth    +.........             (no amulet)
HPRegen  0.17/turn              e - ring of protection from cold
MPRegen  0.12/turn              (no ring)

@: no status effects
A: no food or potions, fire vulnerability, clarity, cold resistance 1, negative
energy resistance 3, torment resistance, unbreathing
a: no special abilities


You were on level 5 of the Dungeon.
You were not hungry.

You visited 1 branch of the dungeon, and saw 5 of its levels.

You collected 342 gold pieces.

Inventory:

Hand Weapons
 a - the +7 sceptre of Torment (weapon) {pain, torment} In the hands of one skilled in necromantic magic, it inflicts extra damage on living creatures.
 o - a +0 war axe
 s - a +3 dagger of venom
Missiles
 b - 77 exploding tomahawks (quivered)
 i - 453 sling bullets
 j - 729 arrows
 l - 40 curare-tipped needles
 m - 259 stones
 n - 196 poisoned needles
 p - 81 needles of confusion
Armour
 c - a +1 hat (worn)
 d - a +1 pair of boots (worn)
 q - a +0 scale mail (worn)
Jewellery
 e - a ring of protection from cold (left hand)
 f - an uncursed amulet of faith {unknown}
Scrolls
 g - a scroll of teleportation
 h - 3 scrolls of identify
 k - a scroll of remove curse


   Skills:
 * Level 3.5 Fighting
 - Level 6.9 Maces & Flails
 * Level 3.8 Dodging
 - Level 2.6 Stealth
 * Level 3.2 Spellcasting


You had 12 spell levels left.
You didn't know any spells.
Your spell library was empty.

Dungeon Overview and Level Annotations

Branches:
Dungeon (5/12)
 Temple: D:4-7

Altars:
Ashenzari
Elyvilon
Makhleb
Nemelex Xobeh
Ru
Trog

Shops:
D:4 [}[=

Annotations:
D:3 Sigmund


Innate Abilities, Weirdness & Mutations

You do not eat or drink.
Your flesh is vulnerable to fire.
You are immune to poison.
You possess an exceptional clarity of mind.
Your flesh is cold resistant. (rC+)
You are immune to negative energy. (rN+++)
You are immune to unholy pain and torment.
You can survive without breathing.


Message History

You are too injured to fight recklessly!
You are too injured to fight recklessly!
You are too injured to fight recklessly!
You are too injured to fight recklessly!
You are too injured to fight recklessly!
You are too injured to fight recklessly!
You are too injured to fight recklessly!
You are too injured to fight recklessly!
You are too injured to fight recklessly!
You are too injured to fight recklessly!
You are too injured to fight recklessly!
You are too injured to fight recklessly!
You are too injured to fight recklessly!
You are too injured to fight recklessly!
The bullfrog hits you!
* * * LOW HITPOINT WARNING * * *
You puncture the bullfrog!
The bullfrog is severely wounded.
The bullfrog misses you. The bullfrog hits you!
You die...

#..##..##....##....
#............#.....
#............#.....
##'######....#.....
#..##..##....##....
#.......#....##....
#.......#....'.....
#.......#....#.....
#.@########..####'#
#F## ######..###...
#†...#....†........
#....#.............
#....######^.......
#....##..##...##+##
#....##.......##...
#######..##...##.[.
#... #...##...##...


You could see a bullfrog.

Vanquished Creatures
  A water moccasin (D:3)
  A phantom (D:3)
  An ogre (D:5)
  A scorpion (D:4)
  A crimson imp (D:3)
  3 hounds
  3 orc priests
  An iguana (D:4)
  2 worker ants
  A hound skeleton (D:4)
  7 gnolls
  6 adders
  2 shadow imps (D:5)
  An ooze (D:2)
  An adder skeleton (D:4)
  5 worms
  3 dart slugs
  5 leopard geckos
  11 orcs
  6 giant cockroaches
  4 goblins
  12 hobgoblins
  7 jackals
  6 quokkas
  7 bats
  7 frilled lizards
  4 kobolds
  A leopard gecko skeleton (D:3)
  4 rats
114 creatures vanquished.

Notes
Turn   | Place    | Note
-------+----------+-------------------------------------------
     0 | D:1      | Chiseanne the Mummy Archaeologist began the quest for the
                  | Orb.
     0 | D:1      | Reached XP level 1. HP: 15/15 MP: 1/1
   208 | D:1      | Reached XP level 2. HP: 20/21 MP: 2/2
   758 | D:1      | Reached XP level 3. HP: 26/27 MP: 3/3
   838 | D:1      | Reached skill level 1 in Maces & Flails
  1110 | D:2      | Reached skill level 2 in Maces & Flails
  1590 | D:2      | Reached XP level 4. HP: 30/33 MP: 4/4
  1618 | D:2      | Reached skill level 3 in Maces & Flails
  1680 | D:2      | Found a white marble altar of Elyvilon.
  1680 | D:2      | Found a bloodstained altar of Trog.
  1680 | D:2      | Found a sacrificial altar of Ru.
  1680 | D:2      | Found a burning altar of Makhleb.
  1686 | D:2      | Found a shattered altar of Ashenzari.
  1686 | D:2      | Found a sparkling altar of Nemelex Xobeh.
  1848 | D:2      | Reached skill level 4 in Maces & Flails
  2029 | D:2      | Reached XP level 5. HP: 38/38 MP: 5/5
  2283 | D:3      | Noticed Sigmund
  2306 | D:3      | Noticed a phantom
  2440 | D:3      | Reached skill level 5 in Maces & Flails
  3036 | D:3      | Reached skill level 6 in Maces & Flails
  3098 | D:3      | Noticed a water moccasin
  3105 | D:3      | Killed a water moccasin
  3105 | D:3      | Reached XP level 6. HP: 44/44 MP: 6/6
  3664 | D:4      | Reached XP level 7. HP: 46/50 MP: 7/7
  3673 | D:4      | Found Podes's Gadget Boutique.
  3700 | D:4      | Found Wigar's Armour Shop.
  3726 | D:4      | Reached skill level 1 in Spellcasting
  3815 | D:4      | Found Usob's Jewellery Emporium.
  4030 | D:4      | Found Fow Bivipho's Armour Shoppe.
  4215 | D:5      | Entered Level 5 of the Dungeon
  4667 | D:5      | Slain by a bullfrog

Skill      XL: |  1  2  3  4  5  6  7 |
---------------+----------------------+-----
Fighting       | 2 3 |  3.5
Dodging        | 3 |  3.8
Maces & Flails | 2 4 6 |  6.9
Spellcasting   | 3 |  3.2
Stealth        | |  2.6

Action                   |  1- 3 |  4- 6 |  7- 9 || total
-------------------------+-------+-------+-------++-------
Melee: Whip              |    14 |       |       ||    14
       Dagger            |   116 |   105 |       ||   221
       Eveningstar       |       |    38 |    66 ||   104
Throw: Stone             |     3 |     2 |       ||     5
       Tomahawk          |       |       |     5 ||     5
  Use: Scroll            |     2 |     3 |       ||     5
 Stab: Sleeping          |     5 |     1 |       ||     6
Armor: Robe              |    40 |     5 |       ||    45
       Scale mail        |       |    55 |    48 ||   103
Dodge: Dodged            |   102 |    93 |    49 ||   244
